 Dungeon Crawl Stone Soup version 0.20.1-1-g8b1a95d (webtiles) character file.

85477 Rhok the Fighter (level 15, 0/138 (139) HPs)
             Began as a Purple Draconian Transmuter on Sept 19, 2017.
             Was a High Priest of Hepliaklqana.
             Slain by a tengu conjurer zombie (3 damage)
             ... on level 15 of the Dungeon.
             The game lasted 02:45:21 (31177 turns).

Rhok the Fighter (Purple Draconian Transmuter)     Turns: 31177, Time: 02:45:22

HP:   0/138 (139)   AC: 16    Str: 19    XL:     15   Next: 38%
MP:   19/24         EV: 18    Int: 14    God:    Hepliaklqana [*****.]
Gold: 1636          SH:  0    Dex: 13    Spells: 11/31 levels left

rFire    . . .     SeeInvis .     - Unarmed
rCold    . . .     Gourm    .   (shield currently unavailable)
rNeg     . . .     Faith    .   (armour unavailable)
rPois    .         Spirit   .   (helmet restricted)
rElec    .         Reflect  .   F - +0 cloak
rCorr    .         Harm     .   (gloves currently unavailable)
MR       +....     Clarity  +   G - +1 pair of boots
Stlth    +.........             (no amulet)
Regen    0.4/turn               t - ring of wizardry
MPRegen  0.2/turn               s - ring of Hugych {AC+4 Str+2}

@: blade hands (expiring), vulnerable
A: breathe power, unfitting armour, reduced essence, clarity, low mp 1, robust
1, cold-blooded, AC +9
a: Breathe Dispelling Energy, End Transformation, Recall Ancestor, Ancestor
Identity, Transference, Idealise, Renounce Religion


You were on level 15 of the Dungeon.
You worshipped Hepliaklqana.
Hepliaklqana was extremely pleased with you.
You were not hungry.
You had blades for hands.
You visited 4 branches of the dungeon, and saw 24 of its levels.
You also visited: Labyrinth.

You collected 1791 gold pieces.
You spent 155 gold pieces at shops.

Inventory:

Missiles
 a - 656 arrows
 j - 13 bolts
Armour
 q - a +2 pair of gloves (melded)
 F - a +0 cloak (worn)
 G - a +1 pair of boots (worn)
Magical Staves
 b - an uncursed staff of cold
 W - an uncursed staff of earth
Jewellery
 c - an uncursed amulet of the gourmand
 h - a +4 ring of dexterity
 s - the ring of Hugych (right scythe-like blade) {AC+4 Str+2}
   (You found it on level 4 of the Dungeon)

   [ring of protection]

   It affects your AC (+4).
   It affects your strength (+2).
 t - a ring of wizardry (left scythe-like blade)
 I - an uncursed ring of positive energy
 J - an uncursed ring of protection from cold
 M - an uncursed ring of protection from magic
 R - the ring of Kycsipar {MR+ Int+2}
   (You took it off a minotaur in a labyrinth)

   [ring of protection from magic]

   It affects your intelligence (+2).
   It affects your resistance to hostile enchantments.
 V - an uncursed ring of see invisible
 Y - an uncursed ring of protection from magic
Wands
 Z - a wand of iceblast (4/15)
Scrolls
 g - 12 scrolls of remove curse
 i - a scroll of brand weapon
 l - 5 scrolls of amnesia
 m - 3 scrolls of fog
 r - 10 scrolls of identify
 u - 2 scrolls of enchant weapon
 v - 9 scrolls of teleportation
 w - 7 scrolls of enchant armour
 L - a scroll of magic mapping
 N - 2 scrolls of fear
 Q - a scroll of recharging
Potions
 d - 6 potions of heal wounds
 e - 2 potions of mutation
 f - 3 potions of invisibility
 k - 2 potions of cancellation
 o - a potion of flight
 p - 2 potions of agility
 z - 3 potions of ambrosia
 A - 2 potions of lignification
 C - 4 potions of haste
 T - 2 potions of brilliance
 U - a potion of curing
Books
 y - a book of Air

   Spells                             Type                      Level
   a - Shock                          Conjuration/Air              1
   b - Swiftness                      Charms/Air                   2
   c - Static Discharge               Conjuration/Air              3
   d - Airstrike                      Air                          4
   e - Lightning Bolt                 Conjuration/Air              5
 D - a book of Frost

   Spells                             Type                      Level
   a - Freeze                         Ice                          1
   b - Throw Frost                    Conjuration/Ice              2
   c - Ozocubu's Armour               Charms/Ice                   3
   d - Throw Icicle                   Conjuration/Ice              4
   e - Summon Ice Beast               Ice/Summoning                4
 E - a book of Callings

   Spells                             Type                      Level
   a - Summon Small Mammal            Summoning                    1
   b - Call Imp                       Summoning                    2
   c - Call Canine Familiar           Summoning                    3
   d - Summon Guardian Golem          Hexes/Summoning              3
   e - Summon Lightning Spire         Summoning/Air                4
   f - Summon Ice Beast               Ice/Summoning                4
 K - a book of Misfortune

   Spells                             Type                      Level
   a - Confusing Touch                Hexes                        1
   b - Confuse                        Hexes                        3
   c - Gell's Gravitas                Translocation                3
   d - Petrify                        Transmutation/Earth          4
   e - Metabolic Englaciation         Hexes/Ice                    5
   f - Yara's Violent Unravelling     Hexes/Transmutation          5
 O - a book of Geomancy

   Spells                             Type                      Level
   a - Sandblast                      Earth                        1
   b - Passwall                       Transmutation/Earth          2
   c - Stone Arrow                    Conjuration/Earth            3
   d - Petrify                        Transmutation/Earth          4
   e - Lee's Rapid Deconstruction     Earth                        5
 P - the Tome of Weightlessness
   (You found it on level 12 of the Dungeon)

   Spells                             Type                      Level
   a - Shock                          Conjuration/Air              1
   b - Swiftness                      Charms/Air                   2
   c - Poisonous Vapours              Poison/Air                   2
   d - Mephitic Cloud                 Conjuration/Poison/Air       3
   e - Conjure Ball Lightning         Conjuration/Air              6
Comestibles
 n - 11 meat rations


   Skills:
 * Level 14.4 Fighting
 - Level 10.2 Dodging
 - Level 14.0 Unarmed Combat
 - Level 8.6 Spellcasting
 - Level 11.0 Transmutations
 - Level 2.6 Ice Magic
 + Level 7.5 Poison Magic
 - Level 8.0 Invocations


You had 11 spell levels left.
You knew the following spells:

 Your Spells              Type           Power        Failure   Level  Hunger
a - Beastly Appendage     Tmut           #####.       3%          1    None
b - Sticks to Snakes      Tmut           #####...     3%          2    None
c - Spider Form           Tmut/Pois      ####......   6%          3    ##.....
d - Blade Hands           Tmut           #####.....   12%         5    #####..
e - Ice Form              Ice/Tmut       ####....     16%         4    ####...
f - Mephitic Cloud        Conj/Pois/Air  ##......     24%         3    ##.....
g - Passwall              Tmut/Erth      ###.......   9%          2    None


Dungeon Overview and Level Annotations

Branches:
Dungeon (15/15)            Temple (1/1) D:4            Lair (6/6) D:10
  Swamp (0/4) Lair:3       Spider (0/4) Lair:3        Slime (0/5) Lair:5
    Orc (2/2) D:9             Elf (0/3) Orc:2        Vaults (0/5) D:13
 Depths (0/5) D:15

Altars:
Ashenzari
Cheibriados
Dithmenos
Elyvilon
Fedhas
Gozag
Hepliaklqana
Kikubaaqudgha
Makhleb
Nemelex Xobeh
Okawaru
Qazlal
Ru
Sif Muna
Trog
Uskayaw
Vehumet
Xom
Yredelemnul
Zin
The Shining One
Beogh

Shops:
D:6 ?   D:8 }   D:12 *

Annotations:
D:2 exclusion: 2 downstairs
D:3 CalmDownMonkey's ghost, amateur HaSk
D:8 exclusion: downstairs
D:9 exclusion: knight
Lair:4 exclusions: 4 oklob plants and 2 more exclusions
Lair:5 exclusion: downstairs


Innate Abilities, Weirdness & Mutations

You can breathe bolts of dispelling energy.
Your rich purple scales are hard. (AC +9)
You cannot fit into any form of body armour.
You are cold-blooded and may be slowed by cold attacks.
Your life essence is reduced to manifest your ancestor. (-10% HP)
You possess an exceptional clarity of mind.
Your magical capacity is low. (-10% MP)
You are robust. (+10% HP)


Message History

Confirm with . or Enter, or press ? or * to list all spells.
Which direction?
The ettin zombie hits you!
* * * LOW HITPOINT WARNING * * *
The ettin zombie misses you.
The spriggan berserker zombie misses you.
You begin to meditate on the wall.
You continue meditating on the rock.
The ettin zombie closely misses you. The ettin zombie hits you!
* * * LOW HITPOINT WARNING * * *
The tengu conjurer zombie hits you but does no damage.
The tengu conjurer zombie misses you.
The tengu conjurer zombie closely misses you.
You continue meditating on the rock.
The spriggan berserker zombie hits you but does no damage.
The ettin zombie hits you!
* * * LOW HITPOINT WARNING * * *
The ettin zombie completely misses you.
The tengu conjurer zombie hits you but does no damage.
The tengu conjurer zombie pecks you.
You die...

............# #...P.....
....####....# #.........P
..##≈≈≈#≈#..# #..........
..# ≈≈≈≈≈#..# ##.....8..8.
.##≈#≈#≈≈##.###......8>...
.≈≈≈≈≈≈≈≈≈#.....8....Z..8P
.#≈≈≈≈≈≈#≈≈....#.P.P......
.##≈#≈≈≈≈#≈....#.ZP)...P..
..≈≈≈≈#≈≈#.....#@Z.......P
..###≈≈##≈.....##Z..P.8...
....##≈#.......###...P...8
..........)....# #####....
..######.......# ### ###
##......# ####......#
#§...§§§..# #....§§§§.#


You could see a spriggan berserker zombie, a yaktaur captain zombie, an ettin
zombie and a tengu conjurer zombie.

Vanquished Creatures
  Kirke (D:15)
  A ghoul (D:15)
  A minotaur (Lab)
  3 hydras
  2 catoblepae
  4 centaur warriors
  2 death knights
  7 death yaks (Lair:6)
  2 two-headed ogres
  A fire crab (shapeshifter) (D:13)
  5 skeletal warriors (D:15)
  An unseen horror (D:13)
  A necromancer (D:15)
  2 phantasmal warriors (D:15)
  Pikel (D:9)
  A wolf spider zombie (D:15)
  An oklob plant (Lair:5)
  11 ugly things
  An orc sorcerer (Orc:2)
  2 orc knights (Orc:1)
  A deep elf mage (D:14)
  2 manticores (Lair:6)
  Maurice (D:11)
  2 gargoyles
  7 spiny frogs
  A black mamba (Lair:2)
  2 rime drakes
  2 kobold demonologists
  5 komodo dragons
  A redback zombie (D:15)
  An efreet (D:14)
  A tengu conjurer (D:15)
  4 trolls
  2 polar bears
  Grinder (D:3)
  12 blink frogs
  4 slime creatures (D:8)
  14 hippogriffs
  A dream sheep (Lair:5)
  A meliai zombie (D:15)
  2 wraiths
  A water elemental (D:15)
  Eustachio (D:6)
  5 hogs (D:15)
  67 yaks
  2 basilisks
  2 hungry ghosts (D:7)
  A steam dragon (D:8)
  A swamp worm (Lair:3)
  4 vampire mosquitoes
  3 wargs
  7 water moccasins
  2 soldier ants
  9 porcupines
  A floating eye (shapeshifter) (D:13)
  3 sky beasts
  2 slaves
  22 orc warriors
  An eye of draining (D:9)
  An eye of draining (shapeshifter) (D:13)
  A necrophage (D:13)
  3 phantoms
  8 ogres
  7 wolves
  14 centaurs
  9 crocodiles
  2 big kobolds
  9 bullfrogs
  A gnoll sergeant (Orc:1)
  A water moccasin zombie (D:9)
  4 scorpions
  12 killer bees
  8 wights
  3 howler monkeys
  An electric eel (D:15)
  6 crimson imps
  7 hounds
  7 centaur zombies
  17 orc priests
  8 jellies
  3 centaur skeletons
  Jessica (D:2)
  A bullfrog skeleton (D:6)
  3 iguanas
  Terence (D:2)
  Natasha (thrice) (D:2)
  20 orc wizards
  6 worker ants
  2 hound skeletons
  A mummy (D:15)
  A worker ant zombie (D:10)
  11 gnolls
  14 adders
  A howler monkey skeleton (D:7)
  A shadow imp (D:14)
  4 oozes
  2 adder zombies
  An adder skeleton (D:5)
  2 worms (D:4)
  3 dart slugs
  4 leopard geckos
  56 orcs
  2 ball pythons (D:3)
  11 giant cockroaches
  6 goblins
  8 hobgoblins
  17 jackals
  14 kobolds
  2 quokkas
  9 bats
  5 frilled lizards
  A giant cockroach zombie (D:6)
  A leopard gecko skeleton (D:4)
  A leopard gecko zombie (D:8)
  A quokka skeleton (D:5)
  A quokka zombie (D:4)
  5 rats
  6 fungi
  4 plants
615 creatures vanquished.

Vanquished Creatures (collateral kills)
  2 hydras
  A centaur warrior (D:13)
  A death yak (Lair:6)
  A tengu warrior (D:14)
  A cyclops (D:13)
  2 oklob plants (Lair:5)
  2 manticores
  A black mamba (Lair:4)
  8 spiny frogs
  A centaur skeleton (D:15)
  A redback zombie (D:15)
  A rime drake (Lair:6)
  3 hippogriffs
  2 slime creatures (D:8)
  5 blink frogs
  11 yaks
  2 hogs (D:15)
  A vampire mosquito (D:12)
  A hungry ghost (D:12)
  A soldier ant (D:14)
  3 porcupines
  6 water moccasins
  2 black bears
  A phantom (D:5)
  3 ogres
  4 orc warriors
  2 centaurs
  A wolf (Lair:5)
  5 crocodiles
  4 bullfrogs
  2 scorpions
  4 killer bees
  A wight (D:12)
  2 electric eels
  3 crimson imps
  3 centaur zombies
  3 hounds
  2 jellies
  5 orc priests
  5 orc wizards
  An iguana (D:8)
  3 worker ants
  An adder (D:9)
  2 shadow imps
  An ooze (D:5)
  An adder zombie (D:6)
  14 orcs
  3 jackals
  2 kobolds
  A quokka (D:11)
  3 fungi
  A plant (Lair:3)
142 creatures vanquished.

Vanquished Creatures (others)
  A hungry ghost (D:9)
  12 knights
  A kobold (D:14)
  9 fungi
  3 plants
  A withered plant (D:15)
27 creatures vanquished.

Grand Total: 784 creatures vanquished

Notes
Turn   | Place    | Note
-------+----------+-------------------------------------------
     0 | D:1      | Rhok the Draconian Transmuter began the quest for the Orb.
     0 | D:1      | Reached XP level 1. HP: 16/16 MP: 3/3
   272 | D:1      | Reached XP level 2. HP: 16/23 MP: 3/5
  1106 | D:2      | Reached XP level 3. HP: 26/30 MP: 4/6
  1538 | D:2      | Noticed Jessica
  1550 | D:2      | Killed Jessica
  1550 | D:2      | Reached XP level 4. HP: 35/38 MP: 5/7
  1604 | D:2      | Noticed Natasha
  1616 | D:2      | Gained mutation: Your magical capacity is low. (-10% MP) [potion of mutation]
  1616 | D:2      | Gained mutation: You are robust. (+10% HP) [potion of mutation]
  1616 | D:2      | Gained mutation: You possess an exceptional clarity of mind. [potion of mutation]
  1626 | D:2      | Killed Natasha
  1641 | D:2      | Noticed Natasha
  1649 | D:2      | Noticed Terence
  1671 | D:2      | Killed Terence
  2012 | D:2      | Killed Natasha
  2012 | D:2      | Reached XP level 5. HP: 29/50 MP: 7/7
  2525 | D:2      | Noticed Natasha
  2538 | D:2      | Killed Natasha
  2631 | D:2      | Learned a level 2 spell: Sticks to Snakes
  2679 | D:3      | Noticed CalmDownMonkey's ghost (amateur HaSk)
  3166 | D:3      | Noticed an orc warrior
  3200 | D:3      | HP: 2/51 [orc warrior/stone (11)]
  3542 | D:3      | Reached skill level 5 in Fighting
  3565 | D:2      | HP: 2/52 [orc/flail (6)]
  3573 | D:2      | Reached XP level 6. HP: 4/61 MP: 4/8
  3974 | D:3      | Noticed Grinder
  4239 | D:3      | Learned a level 3 spell: Spider Form
  4270 | D:3      | Killed Grinder
  4270 | D:3      | Reached skill level 5 in Unarmed Combat
  5059 | D:4      | Found a staircase to the Ecumenical Temple.
  5082 | Temple   | Entered the Ecumenical Temple
  5174 | Temple   | Became a worshipper of Hepliaklqana the Forgotten
  5204 | D:4      | Your scales start taking on a rich purple colour.
  5204 | D:4      | Reached XP level 7. HP: 38/61 MP: 9/9
  5735 | D:4      | Got a glittering brass ring
  5929 | D:5      | Entered Level 5 of the Dungeon
  5933 | D:5      | Identified the ring of Hugych {AC+4 Str+2} (You found it on level 4 of the Dungeon)
  5994 | D:5      | Reached skill level 1 in Poison Magic
  6364 | D:5      | Reached XP level 8. HP: 64/68 MP: 12/12
  6434 | D:5      | Found a radiant altar of Vehumet.
  6661 | D:5      | Reached * piety under Hepliaklqana
  7742 | D:6      | Found Ujeto's Magic Scroll Boutique.
  7755 | D:6      | Noticed Eustachio
  7775 | D:6      | Killed Eustachio
  7952 | D:6      | Reached skill level 5 in Spellcasting
  8223 | D:7      | Reached ** piety under Hepliaklqana
  8231 | D:7      | Remembered your ancestor HARDER as a knight
  8270 | D:7      | Noticed a two-headed ogre
  8281 | D:7      | Killed a two-headed ogre
  8281 | D:7      | Reached XP level 9. HP: 74/78 MP: 12/16
  8307 | D:7      | Reached skill level 5 in Transmutations
  8314 | D:7      | Learned a level 5 spell: Blade Hands
  9183 | D:8      | Learned a level 4 spell: Ice Form
  9205 | D:8      | Found Sesmap's Gadget Boutique.
  9247 | D:8      | Noticed a two-headed ogre
  9268 | D:8      | Killed a two-headed ogre
  9268 | D:8      | Reached XP level 10. HP: 66/90 MP: 16/18
  9973 | D:8      | HP: 1/91 [slime creature (15)]
 10637 | D:9      | Reached *** piety under Hepliaklqana
 10655 | D:9      | Reached skill level 10 in Unarmed Combat
 10655 | D:9      | Reached skill level 1 in Ice Magic
 10656 | D:9      | Noticed Pikel
 11207 | D:9      | Reached XP level 11. HP: 66/97 MP: 15/21
 11321 | D:9      | Killed Pikel
 11602 | D:9      | Found a staircase to the Orcish Mines.
 12266 | D:10     | Entered Level 10 of the Dungeon
 12266 | D:10     | Found a staircase to the Lair.
 13875 | D:11     | Reached **** piety under Hepliaklqana
 14046 | D:11     | Noticed Maurice
 14057 | D:11     | Killed Maurice
 14246 | D:11     | Noticed a purple ugly thing
 14254 | D:11     | Killed a purple ugly thing
 14254 | D:11     | Reached skill level 5 in Dodging
 14340 | D:11     | You fall through a shaft for 3 floors!
 14349 | D:14     | Noticed a catoblepas
 14359 | D:14     | Killed a catoblepas
 14375 | D:14     | Noticed a green ugly thing
 14382 | D:14     | Noticed a green ugly thing
 14391 | D:14     | Noticed a green ugly thing
 14410 | D:13     | Reached XP level 12. HP: 62/104 MP: 20/22
 14935 | D:12     | Found Jaeket's Assorted Antiques.
 14943 | D:12     | Bought a potion of heal wounds for 155 gold pieces
 15216 | D:12     | Reached ***** piety under Hepliaklqana
 15245 | D:12     | Identified the Tome of Weightlessness
 15251 | D:12     | Learned a level 3 spell: Mephitic Cloud
 15635 | Lair:1   | Entered Level 1 of the Lair of Beasts
 16580 | Lair:2   | Reached skill level 5 in Poison Magic
 17368 | Lair:2   | Learned a level 2 spell: Passwall
 18412 | Lair:3   | Noticed a six-headed hydra
 18662 | Lair:3   | Killed a six-headed hydra
 18662 | Lair:3   | Reached skill level 10 in Dodging
 18662 | Lair:3   | Reached XP level 13. HP: 111/111 MP: 15/23
 18737 | Lair:3   | Found a hole to the Spider Nest.
 18887 | Lair:3   | Found a labyrinth entrance.
 18913 | Lab      | Entered a labyrinth
 19231 | Lab      | Noticed a minotaur
 19242 | Lab      | Killed a minotaur
 19242 | Lab      | Reached skill level 10 in Transmutations
 19244 | Lab      | Got a heavily runed granite ring
 19276 | Lab      | Identified the ring of Kycsipar {MR+ Int+2} (You took it off a minotaur in a labyrinth)
 20197 | Lair:3   | Reached ****** piety under Hepliaklqana
 20215 | Lair:3   | Found a staircase to the Swamp.
 20397 | Lair:3   | Reached skill level 10 in Fighting
 21155 | Lair:4   | Reached skill level 1 in Invocations
 22311 | Lair:5   | Found a staircase to the Slime Pits.
 22338 | Lair:5   | Reached skill level 5 in Invocations
 24257 | Lair:6   | Entered Level 6 of the Lair of Beasts
 24955 | Lair:6   | Reached XP level 14. HP: 122/122 MP: 18/23
 25700 | Orc:1    | Entered Level 1 of the Orcish Mines
 25778 | Orc:1    | Found a roughly hewn altar of Beogh.
 26597 | Orc:2    | Entered Level 2 of the Orcish Mines
 26597 | Orc:2    | Found a staircase to the Elven Halls.
 28018 | D:13     | Found a gate to the Vaults.
 29955 | D:14     | Reached XP level 15. HP: 134/135 MP: 10/24
 30106 | D:15     | Entered Level 15 of the Dungeon
 30192 | D:15     | Noticed Kirke
 30202 | D:15     | Noticed a sphinx
 30218 | D:15     | Killed Kirke
 31156 | D:15     | Found a staircase to the Depths.
 31177 | D:15     | HP: 3/138 [ettin zombie (10)]
 31177 | D:15     | Slain by a tengu conjurer zombie

Skill      XL: |  1  2  3  4  5  6  7  8  9 10 11 12 13 14 15 |
---------------+----------------------------------------------+-----
Fighting       | 2 3 4 5 6 8 9 10 13 14 | 14.4
Unarmed Combat | 4 5 7 8 10 11 12 14 | 14.0
Transmutations | 3 4 6 7 9 10 11 | 11.0
Spellcasting   | 3 6 7 8 |  8.6
Poison Magic   | 1 3 6 7 |  7.5
Ice Magic      | 1 2 |  2.6
Dodging        | 6 10 | 10.2
Invocations    | 8 |  8.0

Action                   |  1- 3 |  4- 6 |  7- 9 | 10-12 | 13-15 || total
-------------------------+-------+-------+-------+-------+-------++-------
Melee: Unarmed           |   125 |   274 |   294 |   717 |   734 ||  2144
       Tailslap          |     7 |    38 |    30 |    73 |    98 ||   246
       Headbutt          |     2 |    16 |     3 |     6 |       ||    27
       Punch             |     1 |     5 |     6 |    31 |    42 ||    85
       Kick              |       |    16 |       |     3 |       ||    19
 Cast: Beastly Appendage |     5 |    17 |     5 |     8 |     1 ||    36
       Sticks to Snakes  |       |    15 |     3 |     4 |    16 ||    38
       Spider Form       |       |       |     6 |    19 |     2 ||    27
       Blade Hands       |       |       |       |    29 |    64 ||    93
       Ice Form          |       |       |       |     1 |     4 ||     5
       Mephitic Cloud    |       |       |       |       |    26 ||    26
       Passwall          |       |       |       |       |     2 ||     2
Invok: Ancestor Identity |       |     2 |       |       |       ||     2
       Recall Ancestor   |       |       |     1 |     3 |     1 ||     5
       Ancestor Life: Kn |       |       |     1 |       |       ||     1
       Transference      |       |       |       |     1 |       ||     1
       Idealise          |       |       |       |       |     8 ||     8
 Abil: Breathe Dispellin |       |       |       |     3 |     5 ||     8
  Use: Scroll            |       |    10 |     9 |     9 |    18 ||    46
       Potion            |       |     4 |       |     5 |     5 ||    14
 Stab: Distracted        |       |     1 |     4 |     5 |     4 ||    14
       Sleeping          |       |       |     5 |       |       ||     5
       Confused          |       |       |       |       |     6 ||     6
  Eat: Chunk             |     2 |     5 |    15 |    20 |    26 ||    68
       Bread ration      |       |     2 |       |     1 |     6 ||     9
       Fruit             |       |       |       |     9 |     4 ||    13
       Royal jelly       |       |       |       |     4 |     3 ||     7
Armor: Skin              |    78 |    92 |    80 |   170 |   151 ||   571
Dodge: Dodged            |   140 |   194 |   164 |   398 |   444 ||  1340
